 Dungeon Crawl Stone Soup version 0.31-a0-229-g1fc7ce93e2 (webtiles) character file.

Game seed: 10743471823796511408

52 qw the Shooter (level 3, -5/29 HPs)
             Began as a Minotaur Hexslinger on July 6, 2023.
             Slain by Terence
             ... wielding a +2 vampiric trident
              (10 damage)
             ... on level 2 of the Dungeon.
             The game lasted 00:00:28 (1379 turns).

qw the Shooter (Minotaur Hexslinger)                Turns: 1379, Time: 00:00:28

Health: -5/29      AC:  3    Str: 12    XL:     3   Next: 60%
Magic:  3/3        EV: 12    Int: 10    God:
Gold:   26         SH:  0    Dex: 14    Spells: 3/4 levels left

rFire   . . .        Y - +2 sling (freeze)
rCold   . . .        (no shield)
rNeg    . . .        i - +0 leather armour
rPois   .            (helmet restricted)
rElec   .            (no cloak)
rCorr   .            (no gloves)
SInv    .            (no boots)
Will    .....        (no amulet)
Stlth   +            l - +4 ring of slaying {mikee}
HPRegen 0.24/turn    (no ring)
MPRegen 0.08/turn

%: no passive effects
@: no status effects
A: horns 2, retaliatory headbutt
a: no special abilities


You were on level 2 of the Dungeon.
You visited 1 branch of the dungeon, and saw 2 of its levels.

You collected 26 gold pieces.


Innate Abilities, Weirdness & Mutations

You have a pair of horns on your head.
You reflexively headbutt those who attack you in melee.


   Skills:
 - Level 2.0 Fighting
 + Level 4.1 Ranged Weapons
 - Level 2.1 Dodging
 - Level 1.0 Spellcasting
 - Level 2.0 Hexes


You had 3 spell levels left.
You knew the following spells:

 Your Spells              Type           Power      Damage    Failure   Level
a - Slow                  Hex            16%        N/A       19%         1

Your spell library contained the following spells:

 Spells                   Type           Power      Damage    Failure   Level
 Inner Flame              Hex/Fire       2%         N/A       65%         3
 Portal Projectile        Hex/Tloc       4%         N/A       65%         3
 Cause Fear               Hex            2%         N/A       88%         4

Inventory:

Hand Weapons
 Y - a +2 sling of freezing (weapon)
Armour
 i - a +0 leather armour (worn)
Jewellery
 b - an amulet of faith
 l - a +4 ring of slaying (left hand) {mikee}
Scrolls
 c - a scroll of fear {unknown}
 d - a scroll of silence {unknown}
Potions
 a - a potion of attraction {unknown}
 f - a potion of degeneration {unknown}
 h - a potion of mutation {unknown}

Dungeon Overview and Level Annotations

Branches:
Dungeon (2/15)

Altars:

Annotations:
D:2 Terence


Message History

Terence the Incautious comes into view.
He is wielding a +2 vampiric trident.
Terence shouts!
Enter note:
Enter note:
Enter note:
Enter note:
Enter note:
Enter note:
Enter note:
Enter note:
Enter note: You shoot a sling bullet.
The sling bullet barely misses Terence.
You shoot a sling bullet.
The sling bullet closely misses Terence.
You shoot a sling bullet.
The sling bullet hits Terence but does no damage.
Terence barely misses you.
You shoot a sling bullet. The sling bullet hits Terence.
The sling bullet freezes Terence.
Terence is lightly wounded.
Terence hits you from afar with a +2 vampiric trident!
Terence draws strength from your wounds!
You shoot a sling bullet.
The sling bullet hits Terence but does no damage.
Terence misses you.
Terence hits you from afar with a +2 vampiric trident!
Enter note:
Enter note:
Enter note:
Enter note:
Enter note:
Enter note:
1378 ||| UPGRADING to amulet of faith.
You start putting on your amulet.
You continue putting on your amulet of faith.
Terence hits you from afar with a +2 vampiric trident!
Keep equipping yourself?
You continue putting on your amulet of faith.
Terence hits you from afar with a +2 vampiric trident!
You die...

#.........#
#######.#######.########
..................%....)
##########.#######.########
#.# #.# #.###.## ###.# #.#
#.##...# ....# ####.#
#.###..# #.#.#
#....###.###..#
#.#.#####%#.....@.....#
#...(.................#
#.#######.####.#@###..# #.#
#.# #.#?# #..# #.# #.#
#.#.# #..# #.#######.##
#.#.. ...) #...........
..... ..... #..#######.#
#.### ..#.# ........##.#
#.#


You could see Terence.

Vanquished Creatures
  2 adders (D:2)
  A ball python (D:1)
  4 bats
  4 endoplasms (D:1)
  2 goblins (D:1)
  7 hobgoblins
  3 kobolds
  A quokka (D:1)
  3 frilled lizards
  4 rats (D:1)
31 creatures vanquished.

Notes
Turn   | Place    | Note
-------+----------+-------------------------------------------
     0 | D:1      | qw the Minotaur Hexslinger began the quest for the Orb.
     0 | D:1      | Reached XP level 1. HP: 16/16 MP: 1/1
     0 | D:1      | 0 ||| qw: Version: 0.3-a-46-gb1f654a
     0 | D:1      | 0 ||| qw: Game counter: 1493
     0 | D:1      | 0 ||| qw: Melee chars always use a shield: true
     0 | D:1      | 0 ||| qw: God list: Okawaru
     0 | D:1      | 0 ||| qw: Allow faded altars: false
     0 | D:1      | 0 ||| qw: Do Orc after clearing Dungeon:15 true
     0 | D:1      | 0 ||| qw: Do second Lair branch before Depths: true
     0 | D:1      | 0 ||| qw: Lair rune preference: random
     0 | D:1      | 0 ||| qw: Goals: Normal
     0 | D:1      | 0 ||| PLANNING D:1-11
   156 | D:1      | Reached skill level 3 in Ranged Weapons
   219 | D:1      | Reached XP level 2. HP: 23/23 MP: 2/2
   413 | D:1      | Found a faded altar of an unknown god.
   980 | D:1      | 980 ||| UPGRADING to +0 leather armour.
   990 | D:1      | 990 ||| DROPPING +0 robe.
   991 | D:1      | 991 ||| UPGRADING to +4 ring of slaying {mikee}.
   992 | D:1      | 992 ||| READING scroll labelled UNEXZAPTEWOA.
  1036 | D:1      | 1036 ||| READING scroll labelled UTZANA OMMUETH.
  1037 | D:1      | 1037 ||| READING scroll labelled XOM CISSIYBE.
  1038 | D:1      | 1038 ||| READING scroll labelled GENOOVIADUI.
  1039 | D:1      | 1039 ||| READING scroll labelled MUOBYHE CISH.
  1040 | D:1      | 1040 ||| DROPPING scroll of poison.
  1104 | D:2      | Reached XP level 3. HP: 28/29 MP: 3/3
  1127 | D:2      | 1127 ||| Stepping ~*~*~tactically~*~*~ (water).
  1129 | D:2      | Reached skill level 4 in Ranged Weapons
  1372 | D:2      | Noticed Terence
  1378 | D:2      | 1378 ||| UPGRADING to amulet of faith.
  1378 | D:2      | HP: 5/29 [Terence/+2 vampiric trident (7)]
  1379 | D:2      | Slain by Terence

Levels and vault maps discovered:
D:1:      nzn_arrival_depleted_hourglass, layout_loops_corners,
          shapermc_ecumenical_altar_starsandcircs, dk_noncrumbling_3,
          minmay_misc_feat_hallway, amethyst_killhole
D:2:      layout_basic, serial_bayou_lagoon_b, uniq_terence, uniq_jessica

Skill      XL: |  1  2  3 |
---------------+----------+-----
Ranged Weapons | 3 4 |  4.1
Fighting       | 2 |  2.0
Dodging        | |  2.1
Spellcasting   | |  1.0
Hexes          | |  2.0

Action                     || total
---------------------------++-------
   Fire: Sling             ||    89
    Use: Scroll            ||     5
 Armour: Leather armour    ||     1
  Dodge: Dodged            ||    11

Table legend:
 A = Non-vault XP
 B = Vault XP
 C = Vault XP percentage of total XP
 D = Non-vault monster count
 E = Vault monster count
 F = Vault count percentage of total count
                 A         B        C        D         E       F
            +---------+---------+-------+---------+---------+-------
      Total |      75 |       0 |   0.0 |      31 |       0 |   0.0
            +---------+---------+-------+---------+---------+-------
        D:1 |      37 |       0 |   0.0 |      22 |       0 |   0.0
        D:2 |      38 |       0 |   0.0 |       9 |       0 |   0.0
            +---------+---------+-------+---------+---------+-------
